 Dungeon Crawl Stone Soup version 0.30-a0-948-g4fa250aae5 (webtiles) character file.

Game seed: 13448133579470121511

95 dolemite99 the Twirler (level 4, -2/37 HPs)
             Began as a Minotaur Gladiator on Mar 27, 2023.
             Slain by a worm (3 damage)
             ... on level 3 of the Dungeon.
             The game lasted 00:01:47 (1905 turns).

dolemite99 the Twirler (Minotaur Gladiator)         Turns: 1905, Time: 00:01:47

Health: -2/37      AC: 10    Str: 20    XL:     4   Next: 39%
Magic:  3/3        EV:  8    Int:  5    God:
Gold:   147        SH:  0    Dex: 12    Spells: 3/3 levels left

rFire   . . .      SeeInvis .    a - +0 quarterstaff
rCold   . . .      Faith    .    (shield currently unavailable)
rNeg    + . .      Spirit   .    h - +2 chain mail {rN+}
rPois   .          Reflect  .    c - +0 hat
rElec   .          Rampage  .    (no cloak)
rCorr   .                        (no gloves)
Will    .....                    (no boots) Stlth
                                 (no amulet)
HPRegen 0.26/turn                (no ring)
MPRegen 0.08/turn                (no ring)

@: on berserk cooldown, slowed, very slow
A: horns 2, retaliatory headbutt
a: no special abilities


You were on level 3 of the Dungeon.
You visited 1 branch of the dungeon, and saw 3 of its levels.

You collected 147 gold pieces.

Inventory:

Hand Weapons
 a - a +0 quarterstaff (weapon)
Missiles
 d - 3 throwing nets (quivered)
 e - a javelin
Armour
 b - a +0 leather armour
 c - a +0 hat (worn)
 h - a +2 chain mail of positive energy (worn)
 q - a +0 plate armour
Scrolls
 f - a scroll of amnesia {unknown}
 i - a scroll of noise {unknown}
 k - a scroll of blinking {unknown}
 m - a scroll of immolation {unknown}
 o - a scroll of acquirement {unknown}
 r - a scroll of teleportation
Potions
 g - a potion of invisibility {unknown}
 j - a potion of mutation {unknown}
 l - a potion of haste {unknown}
 n - 3 potions of berserk rage
 p - a potion of heal wounds {unknown}
 s - a potion of curing {unknown}


   Skills:
 - Level 2.4 Fighting
 + Level 6.3 Staves
 - Level 2.0 Throwing
 - Level 3.2 Dodging


You had 3 spell levels left.
You didn't know any spells.
Your spell library contained the following spells:

 Spells                   Type           Power      Damage    Failure   Level
 Shock                    Conj/Air       0%         1d3       100%        1
 Swiftness                Air            0%         N/A       100%        3
 Airstrike                Air            0%         2d(0-16)  100%        4


Dungeon Overview and Level Annotations

Branches:
Dungeon (3/15)

Altars:

Shops:
D:1 *


Innate Abilities, Weirdness & Mutations

You have a pair of horns on your head.
You reflexively headbutt those who attack you in melee.


Message History

You are more poisoned.
You hit the orc. You headbutt the orc.
You kill the orc!
You feel very sick.
You feel very sick. The orc hits you but does no damage.
Things that are here:
a +2 dagger of venom; a +0 ring mail It was a potion of berserk rage.
A red film seems to cover your vision as you go berserk!
You feel yourself moving faster!
You feel mighty!
You feel sick. The orc hits you but does no damage.
You thump the orc!
You kill the orc!
You feel sick.
You sock the orc!
You kill the orc!
You feel sick.
You feel sick.
Things that are here:
a +0 war axe; a +0 short sword You sock the orc!
You kill the orc!
You sock the orc!
You kill the orc!
You feel sick.
You feel sick.
Things that are here:
a +0 club; a +0 hand axe; a +0 leather armour You feel a strong urge to attack something.
You are no longer berserk.
You are exhausted.
You feel yourself slow down. The worm bites you.
* * * LOW HITPOINT WARNING * * *
You barely miss the worm.
* * * LOW HITPOINT WARNING * * *
You feel sick.
You are no longer poisoned.
The worm bites you.
You die...

.... #.# ...[.. #.# ......#+#
#.# .....#.##### #.#
#.w.......# #.# #.........+ #.#
#.........# #.#
#.........#############.###
+.........w@)))........>..#
#....)....########.#.####.#
#...).....# #...# #.#
###..†.#### #..## #.# #....#
#..# #.# ###....## #..# #.#
#...........##########..# #.#
#...........#...........#####.#
#...........#.####............#


You could see a worm.

Vanquished Creatures
  An orc priest (D:3)
  2 worms (D:2)
  A dart slug (D:2)
  7 orcs (D:3)
  A ball python (D:1)
  2 endoplasms (D:2)
  3 giant cockroaches
  3 goblins (D:1)
  2 hobgoblins
  3 jackals (D:2)
  5 kobolds
  2 quokkas
  5 bats
  2 frilled lizards (D:1)
  7 rats
46 creatures vanquished.

Notes
Turn   | Place    | Note
-------+----------+-------------------------------------------
     0 | D:1      | dolemite99 the Minotaur Gladiator began the quest for the
                  | Orb.
     0 | D:1      | Reached XP level 1. HP: 18/18 MP: 0/0
   117 | D:1      | Reached skill level 4 in Staves
   183 | D:1      | Reached XP level 2. HP: 25/25 MP: 1/1
   218 | D:1      | Found Wourheji's Assorted Antiques.
   764 | D:2      | Reached skill level 5 in Staves
   773 | D:2      | Reached XP level 3. HP: 28/30 MP: 2/2
  1077 | D:2      | Found a faded altar of an unknown god.
  1508 | D:3      | Reached skill level 6 in Staves
  1508 | D:3      | Reached XP level 4. HP: 15/37 MP: 3/3
  1905 | D:3      | HP: 1/37 [poisoned by an orc]
  1905 | D:3      | Slain by a worm

Illustrated notes

Levels and vault maps discovered:
D:1:      amcnicky_arrival_wind_blow, layout_loops_ring, serial_shops, shop
D:2:      layout_loops_ring, chequers_ecumenical_altar_island
D:3:      layout_basic, kennysheep_generic_room_12

Skill      XL: |  1  2  3 |
---------------+----------+-----
Staves         | 4 5 6 |  6.3
Fighting       | |  2.4
Throwing       | |  2.0
Dodging        | |  3.2

Action                     |  1- 3 |  4- 6 || total
---------------------------+-------+-------++-------
  Melee: Quarterstaff      |    73 |    12 ||    85
         Headbutt          |     5 |     1 ||     6
    Use: Scroll            |     1 |       ||     1
         Potion            |       |     1 ||     1
 Armour: Chain mail        |    41 |     5 ||    46
  Dodge: Dodged            |    39 |     6 ||    45

Table legend: (Time is in decaauts)
 A = Elapsed time spent in this place.
 B = Non-inter-level travel time spent in this place.
 C = Inter-level travel time spent in this place.
 D = Time resting spent in this place.
 E = Time spent auto-exploring this place.
 F = Levels seen in this place.
 G = Mean time per level.
                   A        B        C        D        E       F      G
               +--------+--------+--------+--------+--------+-----+--------+
         Total |   1911 |   1876 |     35 |    230 |   1264 |   3 |  637.0 |
       Dungeon |   1911 |   1876 |     35 |    230 |   1264 |   3 |  637.0 |
               +--------+--------+--------+--------+--------+-----+--------+

Top non-repeatable levels by time:
     D:2: 696 daAuts
     D:1: 674 daAuts
     D:3: 540 daAuts
